 Dungeon Crawl Stone Soup version 0.30.0-15-g856e2d3f33 (webtiles) character file.

Game seed: 12890495489871653093

109 jtron the Grave Robber (level 4, -3/30 HPs)
             Began as a Mummy Necromancer on May 18, 2023.
             Slain by Grinder (5 damage)
             ... while paralysed by Grinder
             ... on level 3 of the Dungeon.
             The game lasted 00:06:11 (2006 turns).

jtron the Grave Robber (Mummy Necromancer)          Turns: 2006, Time: 00:06:11

Health: -3/30      AC:  3    Str: 11    XL:     4   Next: 59%
Magic:  9/9        EV:  2    Int: 16    God:
Gold:   152        SH:  0    Dex: 12    Spells: 5/9 levels left

rFire   x . .        a - +1 spear
rCold   + . .        (no shield)
rNeg    + + +        h - +0 robe
rPois   ∞            b - +0 helmet
rElec   .            (no cloak)
rCorr   .            (no gloves)
SInv    .            (no boots)
Will    .....        e - amulet of magic regeneration
Stlth   ++           c - +5 ring of evasion
HPRegen 0.25/turn    (no ring)
MPRegen 0.51/turn

%: faith
@: paralysed
A: cold resistance 1, negative energy resistance 3, torment resistance 2, heat
vulnerability 1, in touch with death 1, no potions, faith
a: no special abilities


You were on level 3 of the Dungeon.
You visited 1 branch of the dungeon, and saw 3 of its levels.

You collected 152 gold pieces.

Inventory:

Hand Weapons
 a - a +1 spear (weapon)
Missiles
 d - 3 boomerangs
 j - 2 poisoned darts
Armour
 b - a +0 helmet (worn)
 h - a +0 robe (worn)
Jewellery
 c - a +5 ring of evasion (left hand)
 e - an amulet of magic regeneration (around neck)
Scrolls
 i - a scroll of immolation


   Skills:
 + Level 1.0 Polearms
 + Level 1.8 Dodging
 + Level 1.8 Stealth
 + Level 3.3 Spellcasting
 + Level 5.3 Necromancy


You had 5 spell levels left.
You knew the following spells:

 Your Spells              Type           Power      Damage    Failure   Level
a - Necrotise             Necr           100%       1d9       1%          1
b - Vampiric Draining     Necr           29%        2d8       6%          3

Your spell library contained the following spells:

 Spells                   Type           Power      Damage    Failure   Level
 Sandblast                Erth           4%         2d4       19%         1
 Animate Dead             Necr           29%        N/A       21%         4
 Passwall                 Tmut/Erth      1%         N/A       26%         2
 Stone Arrow              Conj/Erth      4%         3d7       47%         3
 Agony                    Necr           29%        N/A       50%         5


Dungeon Overview and Level Annotations

Branches:
Dungeon (3/15)

Altars:
Gozag

Annotations:
D:2 Robin
D:3 Grinder


Innate Abilities, Weirdness & Mutations

You are immune to poison.
Your flesh is cold resistant. (rC+)
You are immune to negative energy. (rN+++)
You are immune to unholy pain and torment.
You are vulnerable to heat. (rF-)
You are in touch with the powers of death.
You do not drink.
You have a special connection with the divine. (Faith)


Message History

Grinder hits you!
Natasha closely misses Grinder.
You barely miss Grinder.
Grinder is lightly wounded.
Grinder completely misses you.
Natasha claws Grinder but does no damage.
You hit Grinder but do no damage.
Grinder is lightly wounded.
A ball python comes into view.
Grinder hits you!
* * * LOW HITPOINT WARNING * * *
Natasha claws Grinder.
You barely miss Grinder.
Grinder is lightly wounded.
Grinder barely misses you.
Natasha claws Grinder.
You hit Grinder.
Grinder is moderately wounded.
Grinder barely misses you.
You closely miss Grinder.
Grinder is moderately wounded.
Grinder hits you.
* * * LOW HITPOINT WARNING * * *
Natasha claws Grinder.
Grinder barely misses you. Grinder attacks as you move away!
Grinder closely misses you.
Natasha claws Grinder.
Grinder completely misses Natasha.
Natasha closely misses Grinder.
Grinder hits Natasha.
Natasha claws Grinder.
Grinder hits Natasha!
Natasha crumbles into dust!
Grinder blinks!
You barely miss Grinder.
Grinder is heavily wounded.
Grinder hits you.
* * * LOW HITPOINT WARNING * * *
Unknown command.
As you read the scroll labelled QEKHIXT JAUT, it crumbles to dust.
You feel aware of your surroundings.
You sensed 1 altar.
It was a scroll of magic mapping.
Grinder gestures at you.
You suddenly lose the ability to move!
Grinder hits you.
You die...

****+**** ##..#..,..#*
**,,** **,*
###...#.#...******,,*
*,,*
#..,#.#.#.#,,,,,***,*
*,**
#.###.....###**,***,, *,*
#.#.........# *,*,,,, *,*
##.###.......# *,,,,,,
*,*######..##...#....#
*******
*,,..................#
***##........@..>....#
######.#.5###....# #..#.#
*....# #####....###....#
#..........#*####
#..........## #####
#..<)>...<..###### ##....
#.........#......###..###
#....................##


You could see Grinder.

Vanquished Creatures
  Natasha (twice) (D:3)
  An adder (D:2)
  A dart slug (D:3)
  4 ball pythons
  6 endoplasms
  2 hobgoblins (D:2)
  3 kobolds (D:1)
  3 quokkas
  7 bats
  3 frilled lizards
  8 goblins
  6 rats
46 creatures vanquished.

Vanquished Creatures (collateral kills)
  An endoplasm (D:2)
  A frilled lizard (D:1)
2 creatures vanquished.

Grand Total: 48 creatures vanquished

Notes
Turn   | Place    | Note
-------+----------+-------------------------------------------
     0 | D:1      | jtron the Mummy Necromancer began the quest for the Orb.
     0 | D:1      | Reached XP level 1. HP: 13/13 MP: 4/4
   679 | D:1      | Reached XP level 2. HP: 19/19 MP: 5/5
  1080 | D:2      | Noticed Robin
  1212 | D:2      | Gained mutation: You are in touch with the powers of death.
                  | [Mummy growth]
  1212 | D:2      | Reached XP level 3. HP: 24/24 MP: 5/7
  1744 | D:2      | Reached skill level 5 in Necromancy
  1856 | D:3      | Learned a level 3 spell: Vampiric Draining
  1856 | D:3      | Found an opulent altar of Gozag.
  1911 | D:3      | Noticed Natasha
  1922 | D:3      | Killed Natasha
  1923 | D:3      | Reached skill level 1 in Polearms
  1923 | D:3      | Reached XP level 4. HP: 21/30 MP: 5/8
  1959 | D:3      | Noticed Natasha
  1968 | D:3      | Killed Natasha
  1984 | D:3      | Noticed Grinder
  1999 | D:3      | HP: 1/30 [Grinder (5)]
  2005 | D:3      | Paralysed by Grinder for 3 turns
  2006 | D:3      | Slain by Grinder

Illustrated notes

Levels and vault maps discovered:
D:1:      elethiomel_arrival_fortress_basement, layout_loops_ring,
          chequers_serial_rivers_small_3
D:2:      layout_loops_ring, uniq_robin
D:3:      layout_rooms, nicolae_overflow_crystal_walls,
          nicolae_ru_great_annihilating_truth, kennysheep_generic_room_11,
          uniq_natasha, uniq_grinder

Skill      XL: |  1  2  3 |
---------------+----------+-----
Spellcasting   | 3 |  3.3
Necromancy     | 5 |  5.3
Polearms       | 1 |  1.0
Dodging        | |  1.8
Stealth        | |  1.8

Action                     |  1- 3 |  4- 6 || total
---------------------------+-------+-------++-------
  Melee: Spear             |    27 |    17 ||    44
   Cast: Necrotise         |    64 |     3 ||    67
    Use: Scroll            |     7 |     1 ||     8
   Stab: Sleeping          |     2 |       ||     2
 Armour: Robe              |     9 |     2 ||    11
  Dodge: Dodged            |    45 |     7 ||    52
